 Dungeon Crawl Stone Soup version 0.18.1-50-g88ac8fd (webtiles) character file.

45133 magog001 the Protected (level 14, 0/126 HPs)
             Began as a Minotaur Hunter on Feb 27, 2017.
             Was a High Priest of Nemelex Xobeh.
             Splashed by an acid blob's acid (7 damage)
             ... on level 1 of the Pits of Slime on Mar 1, 2017.
             The game lasted 02:50:54 (21398 turns).

magog001 the Protected (Minotaur Hunter)           Turns: 21398, Time: 02:50:55

Health: 0/126      AC: 10    Str: 27    XL:     14   Next: 0%
Magic:  24/24      EV: 12    Int: 13    God:    Nemelex Xobeh [*****.]
Gold:   1849       SH: 14    Dex: 15    Spells: 0 memorised, 13 levels left

rFire  + . .     SeeInvis .     P - +9 whip of Equilibrium {drain, rN+ MP+9}
rCold  + + .     Gourm    .     U - +3 chain mail {rF+}
rNeg   + + .     Faith    .     s - +1 shield {rC+}
rPois  .         Spirit   .     (helmet restricted)
rElec  .         Dismiss  .     w - +1 cloak
rCorr  .         Reflect  .     (no gloves)
SustAt .         Harm     .     B - +2 pair of boots
MR     +....     Rnd*Tele +     b - amulet of the Open Hand {+Blink +Rage rN+ Str+3 Int+4}
Stlth  ..........               d - ring "Etuf" {*Confuse +Fly rC+ Int+3 Dex+3}
                                X - ring "Ruackoytz" {*Tele Str+3}

@: corroded, somewhat resistant to hostile enchantments, extremely unstealthy
A: retaliatory headbutt, horns 2, dopey 1, mutation resistance 1
a: Triple Draw, Deal Four, Stack Five, Renounce Religion, Evoke Blink, Evoke
Berserk Rage, Evoke Flight


You were on level 1 of the Pits of Slime.
You worshipped Nemelex Xobeh.
Nemelex Xobeh was extremely pleased with you.
You were not hungry.

You visited 3 branches of the dungeon, and saw 19 of its levels.
You also visited: Labyrinth and Bailey.

You collected 2205 gold pieces.
You spent 356 gold pieces at shops.

Inventory:

Hand Weapons
 P - the +9 whip of Equilibrium (weapon) {drain, rN+ MP+9}
   (You found it on level 8 of the Dungeon)

   A truly terrible weapon, it drains the life of those it strikes.
   It protects you from negative energy.
   It affects your magic capacity (+9).
 V - the +1 blowgun of Necoon {evade, rPois Str+4 Stlth-}
   (You found it in a labyrinth)

   It affects your evasion (+5 to EV).
   It affects your strength (+4).
   It protects you from poison.
   It makes you less stealthy.
Missiles
 a - 32 poisoned needles
 i - 41 tomahawks of returning (quivered)
Armour
 s - a +1 shield of cold resistance (worn)
 w - a +1 cloak (worn)
 B - a +2 pair of boots (worn)
 U - a +3 chain mail of fire resistance (worn)
Jewellery
 b - the amulet of the Open Hand (around neck) {+Blink +Rage rN+ Str+3 Int+4}
   (You found it on level 9 of the Dungeon)

   [amulet of rage]

   It affects your strength (+3).
   It affects your intelligence (+4).
   It protects you from negative energy.
   It lets you blink.
   It lets you go berserk.
 d - the ring "Etuf" (right hand) {*Confuse +Fly rC+ Int+3 Dex+3}
   (You took it off a minotaur in a labyrinth)

   [ring of dexterity]

   It affects your intelligence (+3).
   It affects your dexterity (+3).
   It protects you from cold.
   It lets you fly.
   It may confuse you when you take damage.
 X - the ring "Ruackoytz" (left hand) {*Tele Str+3}
   (You found it in a labyrinth)

   [ring of teleportation]

   It may teleport you next to monsters.
   It affects your strength (+3).
Wands
 h - a wand of teleportation (3/9)
 n - a wand of slowing (7/48)
 o - a wand of polymorph (16/24)
 q - a wand of iceblast (7/15)
 r - a wand of lightning (2/15)
 x - a wand of acid (0/15)
 D - a wand of lightning (3/15)
 F - a wand of disintegration (7/24)
 J - a wand of digging (4/24)
 O - a wand of flame (15/48)
Scrolls
 g - 2 scrolls of teleportation
 p - a scroll of magic mapping
 E - 2 scrolls of fog
 Q - 6 scrolls of identify
 T - 5 scrolls of remove curse
 Y - 3 scrolls of fear
Potions
 c - a potion of ambrosia
 t - 4 potions of haste
 G - 3 potions of lignification
 S - 2 potions of curing
Miscellaneous
 e - a sack of spiders {used: 1}
 j - an ornate deck of war
 l - an ornate deck of war
 m - an ornate deck of war
 u - an ornate deck of war
 z - a plain deck of war {drawn: 4}
 A - a plain deck of destruction {drawn: 1}
 H - a crystal ball of energy
 I - an ornate deck of destruction {drawn: 1}
 K - an ornate deck of war
 L - an ornate deck of summoning {drawn: 5}
 N - a plain deck of escape
 R - 2 phantom mirrors
 W - a phial of floods
 Z - a legendary deck of escape {drawn: 1}
Comestibles
 f - 9 bread rations
 k - 7 beef jerkies
 v - 7 meat rations
 M - 10 fruits


   Skills:
 * Level 12.2 Fighting
   Level 1.4 Short Blades
 * Level 12.2 Maces & Flails
   Level 10.6 Crossbows
 + Level 4.2 Throwing
 * Level 14.4 Armour
 + Level 6.5 Dodging
 + Level 1.9 Stealth
 * Level 11.1 Shields
 + Level 3.5 Evocations


You had 13 spell levels left.
You didn't know any spells.

Dungeon Overview and Level Annotations

Branches:
Dungeon (10/15)            Temple (0/1) D:6            Lair (8/8) D:10
 Shoals (0/4) Lair:5        Snake (0/4) Lair:3        Slime (1/6) Lair:6
    Orc: D:9-12

Altars:
Cheibriados
Dithmenos
Elyvilon
Fedhas
Gozag
Makhleb
Nemelex Xobeh
Okawaru
Pakellas
Ru
Sif Muna
Trog
Vehumet
Xom
Zin
Jiyva

Shops:
D:9 *


Innate Abilities, Weirdness & Mutations

You reflexively headbutt those who attack you in melee.
You have a pair of horns on your head.
You are dopey. (Int -2)
You are somewhat resistant to further mutation.


Message History

You furiously retaliate!
You headbutt the acid blob.
Evoke which item? (* to show all) (? for menu, Esc to quit)
You reach into the bag... ...and things crawl out!
The acid blob oozes through a web. x2; The acid blob closely misses you.
The acid blob hits you!!
* * * LOW HITPOINT WARNING * * *
You are splashed with acid!
The acid burns!
* * * LOW HITPOINT WARNING * * *
Really walk into that cloud of foul pestilence? [Y]es or [N]o only, please.
Really walk into that cloud of foul pestilence? [Y]es or [N]o only, please.
Really walk into that cloud of foul pestilence?
Okay, then.
Drink which item? (? for menu, Esc to quit)
You feel better. You block the acid blob's attack. The acid blob hits you!
* * * LOW HITPOINT WARNING * * *
You are splashed with acid!
The acid corrodes you!
The acid burns!
You die...
Your body glows slightly and disappears.

#............#
##.......#..###. ##.
#..........#.... ##..
##.............. ...
###............ ## ##.###
#............ ##.
#.a..##..............
#... #.........>.....#...
#..##§§@§...#...........
#....§JJ§a...#..........
#....§§§§..............#
#...#..#............#....
#.......##......
##..##.## .#.... ### ###
...... ...... ..


You could see 2 acid blobs and 2 friendly worker ants.

Vanquished Creatures
  Maud (Lair:7)
  A minotaur (Lab)
  3 hydras
  The ghost of magog001 the Blocker, a journeyman MiFi (D:9)
  A catoblepas (Lair:8)
  4 death yaks (Lair:8)
  Urug (D:10)
  A deep troll shaman (Lair:8)
  The ghost of magog001 the Shield-Bearer, a novice MiFi (Bailey)
  2 hill giants (D:10)
  2 lindwurms
  An orc knight (Bailey)
  A wolf spider zombie (D:10)
  3 sirens (Lair:5)
  8 elephants
  3 black mambas
  Maurice (D:9)
  12 spiny frogs
  7 komodo dragons
  3 rime drakes
  2 polar bears (Lair:8)
  A merfolk (Lair:5)
  Prince Ribbit (D:8)
  7 blink frogs
  19 slime creatures (Slime:1)
  10 yaks (Lair:2)
  A steam dragon (D:9)
  4 hungry ghosts (Lab)
  A basilisk (Lair:2)
  3 hippogriffs
  Edmund (D:4)
  4 nagas (Lair:3)
  8 porcupines
  14 water moccasins
  12 orc warriors
  3 black bears
  2 sky beasts
  3 ogres
  A phantom (D:5)
  A necrophage (D:8)
  27 wolves
  The ghost of alexmuadib the Covered, an amateur HuFi (D:3)
  4 centaurs
  12 crocodiles
  16 giant frogs
  15 killer bees
  6 electric eels
  2 howler monkeys
  3 crimson imps
  2 quasits
  10 hounds
  7 jellies
  An orc priest (D:7)
  2 giant frog skeletons
  A centaur skeleton (D:5)
  10 iguanas
  6 orc wizards
  15 worker ants
  11 sheep (Lair:7)
  2 hound zombies
  2 howler monkey zombies (D:6)
  Robin (D:3)
  A worker ant zombie (D:5)
  16 adders
  A gnoll (Bailey)
  A howler monkey skeleton (D:9)
  59 river rats
  2 adder zombies
  2 adder skeletons
  2 dart slugs
  5 giant geckos
  43 orcs
  7 bats
  6 giant cockroaches
  16 goblins
  13 hobgoblins
  17 kobolds
  5 quokkas
  4 ball pythons
  6 giant newts
  A quokka skeleton (D:5)
  4 rats
  A plant (Lair:7)
523 creatures vanquished.

Vanquished Creatures (collateral kills)
  A black mamba (Lair:7)
  3 nagas (Lair:3)
  A water moccasin (Lair:3)
5 creatures vanquished.

Vanquished Creatures (others)
  A fungus (Lair:3)
  6 plants
7 creatures vanquished.

Grand Total: 535 creatures vanquished

Notes
Turn   | Place    | Note
--------------------------------------------------------------
     0 | D:1      | magog001 the Minotaur Hunter began the quest for the Orb.
     0 | D:1      | Reached XP level 1. HP: 18/18 MP: 0/0
   301 | D:1      | Reached XP level 2. HP: 24/25 MP: 1/1
   812 | D:1      | Reached skill level 5 in Crossbows
  1062 | D:2      | Reached XP level 3. HP: 25/30 MP: 2/2
  1781 | D:2      | Reached XP level 4. HP: 37/37 MP: 3/3
  2394 | D:3      | Noticed alexmuadib's ghost (amateur HuFi)
  2776 | D:3      | Noticed Robin
  2791 | D:3      | Reached skill level 1 in Armour
  2830 | D:3      | Killed Robin
  2830 | D:3      | Reached XP level 5. HP: 24/44 MP: 4/4
  3163 | D:3      | Noticed a hippogriff
  3184 | D:2      | Killed a hippogriff
  3184 | D:2      | Reached skill level 3 in Armour
  3184 | D:2      | Reached XP level 6. HP: 32/51 MP: 5/5
  3633 | D:4      | Reached skill level 1 in Short Blades
  4098 | D:4      | Noticed Edmund
  4123 | D:4      | Killed Edmund
  4123 | D:4      | Reached skill level 4 in Armour
  4123 | D:4      | Reached skill level 1 in Stealth
  4123 | D:4      | Reached XP level 7. HP: 51/59 MP: 6/6
  4534 | D:4      | Reached skill level 1 in Evocations
  4593 | D:4      | Gained mutation: You are somewhat resistant to further mutation. [potion of mutation]
  4593 | D:4      | Gained mutation: You are dopey. (Int -2) [potion of mutation]
  4736 | D:3      | Killed alexmuadib's ghost
  4736 | D:3      | Reached skill level 1 in Maces & Flails
  4736 | D:3      | Reached skill level 5 in Armour
  4870 | D:5      | Entered Level 5 of the Dungeon
  4894 | D:4      | Reached skill level 5 in Fighting
  5409 | D:5      | Reached XP level 8. HP: 66/68 MP: 8/8
  5415 | D:5      | Found an iron altar of Okawaru.
  5674 | D:5      | Reached skill level 6 in Armour
  6086 | D:6      | Found a staircase to the Ecumenical Temple.
  6660 | D:6      | Found a glowing silver altar of Zin.
  6691 | D:6      | Reached skill level 1 in Shields
  7008 | D:7      | Reached skill level 7 in Armour
  7102 | D:7      | Found a sacrificial altar of Ru.
  7102 | D:7      | Found a shadowy altar of Dithmenos.
  7106 | D:7      | Found a shimmering altar of Xom.
  7109 | D:7      | Found a bloodstained altar of Trog.
  7110 | D:7      | Found a white marble altar of Elyvilon.
  7111 | D:7      | Found an opulent altar of Gozag.
  7113 | D:7      | Found a burning altar of Makhleb.
  7114 | D:7      | Found a blossoming altar of Fedhas.
  7115 | D:7      | Found a snail-covered altar of Cheibriados.
  7784 | D:7      | Found a sparkling altar of Nemelex Xobeh.
  7792 | D:7      | Became a worshipper of Nemelex Xobeh the Trickster
  7849 | D:7      | Found a deep blue altar of Sif Muna.
  7874 | D:7      | Received a gift from Nemelex Xobeh
  7944 | D:8      | Reached XP level 9. HP: 74/78 MP: 9/9
  7981 | D:8      | Got a shimmering whip
  7982 | D:8      | Identified the +9 whip of Equilibrium {drain, rN+ MP+9} (You found it on level 8 of the Dungeon)
  8055 | D:8      | Reached skill level 8 in Armour
  8115 | D:8      | Reached skill level 5 in Maces & Flails
  8320 | D:8      | Noticed Prince Ribbit
  8728 | D:8      | Found an oddly glowing altar of Pakellas.
  8728 | D:8      | Found a radiant altar of Vehumet.
  8920 | D:8      | Killed Prince Ribbit
  8942 | D:9      | Noticed magog001's ghost (journeyman MiFi)
  8979 | D:9      | Killed magog001's ghost
  8979 | D:9      | Reached skill level 9 in Armour
  9025 | D:9      | Reached XP level 10. HP: 83/88 MP: 10/10
  9090 | D:9      | Reached skill level 10 in Armour
  9139 | D:9      | Reached * piety under Nemelex Xobeh
  9178 | D:9      | Found Hoycoc's Assorted Antiques.
  9186 | D:9      | Received a gift from Nemelex Xobeh
  9230 | D:9      | Bought a scroll of remove curse for 93 gold pieces
  9230 | D:9      | Bought a scroll of enchant armour for 232 gold pieces
  9230 | D:9      | Bought a scroll labeled PUL FEMIAPLE for 31 gold pieces
  9473 | D:9      | Noticed Maurice
  9488 | D:9      | Killed Maurice
  9856 | D:9      | Got a translucent copper amulet
 10044 | D:10     | Entered Level 10 of the Dungeon
 10094 | D:10     | Reached skill level 5 in Shields
 10112 | D:10     | Found a flagged portal.
 10206 | Bailey   | Entered a bailey
 10233 | Bailey   | Noticed an orc knight
 10256 | Bailey   | Noticed magog001's ghost (novice MiFi)
 10453 | Bailey   | Killed an orc knight
 10493 | Bailey   | Killed magog001's ghost
 10493 | Bailey   | Reached skill level 1 in Throwing
 10494 | Bailey   | Reached skill level 11 in Armour
 11073 | D:10     | Reached XP level 11. HP: 70/95 MP: 11/11
 11130 | D:10     | Identified the amulet of the Open Hand {+Blink +Rage rN+ Str+3 Int+4} (You found it on level 9 of the Dungeon)
 11230 | D:10     | Received a gift from Nemelex Xobeh
 11234 | D:10     | Found a staircase to the Lair.
 11531 | D:10     | Noticed a hill giant
 11539 | D:10     | Killed a hill giant
 11607 | D:10     | Reached ** piety under Nemelex Xobeh
 11662 | D:10     | Noticed Urug
 11688 | D:10     | Killed Urug
 11728 | D:10     | Noticed a hill giant
 11742 | D:10     | Killed a hill giant
 12083 | Lair:1   | Entered Level 1 of the Lair of Beasts
 12366 | Lair:1   | Received a gift from Nemelex Xobeh
 12524 | Lair:1   | Received a gift from Nemelex Xobeh
 12749 | Lair:1   | Reached skill level 5 in Dodging
 13634 | Lair:2   | Received a gift from Nemelex Xobeh
 13916 | Lair:2   | Reached skill level 12 in Armour
 14086 | Lair:2   | Reached *** piety under Nemelex Xobeh
 14338 | Lair:2   | Reached skill level 10 in Crossbows
 14768 | Lair:2   | Reached XP level 12. HP: 72/106 MP: 13/13
 15158 | Lair:3   | Received a gift from Nemelex Xobeh
 15238 | Lair:3   | Found a staircase to the Snake Pit.
 15311 | Lair:3   | Reached skill level 10 in Fighting
 15798 | Lair:4   | Reached skill level 10 in Maces & Flails
 15966 | Lair:4   | Reached **** piety under Nemelex Xobeh
 16035 | Lair:4   | Received a gift from Nemelex Xobeh
 16162 | Lair:5   | Found a labyrinth entrance.
 16171 | Lab      | Entered a labyrinth
 16176 | Lab      | Received a gift from Nemelex Xobeh
 16373 | Lab      | Reached skill level 13 in Armour
 16519 | Lab      | Received a gift from Nemelex Xobeh
 16642 | Lab      | Noticed a minotaur
 16654 | Lab      | Killed a minotaur
 16659 | Lab      | Got a crude bone ring
 16661 | Lab      | Identified the ring "Etuf" {*Confuse +Fly rC+ Int+3 Dex+3} (You took it off a minotaur in a labyrinth)
 16671 | Lab      | Got a coiled iron ring
 16691 | Lab      | Identified the ring "Ruackoytz" {*Tele Str+3} (You found it in a labyrinth)
 16695 | Lab      | Got a jewelled blowgun
 16696 | Lab      | Identified the cursed +1 blowgun of Necoon {evade, rPois Str+4 Stlth-} (You found it in a labyrinth)
 16723 | Lair:5   | Found a staircase to the Shoals.
 17017 | Lair:5   | Noticed a four-headed hydra
 17031 | Lair:5   | Killed a four-headed hydra
 17169 | Lair:5   | Noticed a six-headed hydra
 17180 | Lair:5   | Killed a six-headed hydra
 17307 | Lair:5   | Reached XP level 13. HP: 102/116 MP: 14/14
 17480 | Lair:6   | Found a staircase to the Slime Pits.
 17614 | Lair:6   | Found a viscous altar of Jiyva.
 17712 | Lair:6   | Received a gift from Nemelex Xobeh
 17715 | Lair:6   | Reached ***** piety under Nemelex Xobeh
 17930 | Lair:7   | Received a gift from Nemelex Xobeh
 18031 | Lair:7   | Received a gift from Nemelex Xobeh
 18037 | Lair:7   | Noticed Maud
 18054 | Lair:7   | Killed Maud
 18254 | Lair:7   | Identified a scroll of acquirement
 18277 | Lair:7   | Received a gift from Nemelex Xobeh
 18795 | Lair:8   | Entered Level 8 of the Lair of Beasts
 19424 | Lair:8   | Reached skill level 14 in Armour
 19565 | Lair:8   | Received a gift from Nemelex Xobeh
 19628 | Lair:8   | Reached skill level 10 in Shields
 20251 | Slime:1  | Entered Level 1 of the Pits of Slime
 20262 | Slime:1  | Noticed an azure jelly
 20967 | Slime:1  | Noticed an acid blob
 21295 | Slime:1  | Reached XP level 14. HP: 99/126 MP: 15/15
 21391 | Slime:1  | Noticed an acid blob
 21398 | Slime:1  | Splashed by an acid blob's acid

Skill      XL: |  1  2  3  4  5  6  7  8  9 10 11 12 13 |
---------------+----------------------------------------+-----
Crossbows      | 5 6 7 8 9 10 | 10.6
Armour         | 1 3 4 5 7 9 11 12 13 14 | 14.4
Fighting       | 3 4 5 6 7 8 9 11 12 | 12.2
Short Blades   | 1 |  1.4
Stealth        | 1 |  1.9
Dodging        | 3 4 5 6 |  6.5
Evocations     | 1 2 3 |  3.5
Maces & Flails | 2 4 6 7 9 11 12 | 12.2
Shields        | 2 3 5 7 8 11 | 11.1
Throwing       | 2 3 4 |  4.2

Action                   |  1- 3 |  4- 6 |  7- 9 | 10-12 | 13-15 || total
-------------------------+-------+-------+-------+-------+-------++-------
Melee: Short sword       |       |   135 |       |       |       ||   135
       Headbutt          |       |    23 |    69 |   158 |   153 ||   403
       Mace              |       |       |   259 |       |       ||   259
       Flail             |       |       |     8 |       |       ||     8
       Whip              |       |       |   146 |   769 |   454 ||  1369
 Fire: Hand crossbow     |    73 |    65 |       |    13 |       ||   151
Throw: Tomahawk          |       |       |       |    77 |       ||    77
       Javelin           |       |       |       |     8 |       ||     8
 Abil: Evoke Blink       |       |       |       |     1 |     1 ||     2
       Evoke Flight      |       |       |       |       |     1 ||     1
Evoke: Wand              |       |    13 |     3 |    36 |     4 ||    56
       Deck              |       |       |       |     6 |     6 ||    12
       Sack of spiders   |       |       |       |       |     1 ||     1
  Use: Scroll            |     1 |     8 |     8 |    20 |     2 ||    39
       Potion            |       |     1 |     8 |    13 |     6 ||    28
 Stab: Distracted        |       |       |       |     1 |       ||     1
  Eat: Chunk             |     1 |     6 |    10 |    14 |     8 ||    39
       Beef jerky        |     1 |       |     1 |       |       ||     2
       Pizza             |       |     1 |       |     1 |     1 ||     3
       Meat ration       |       |       |     1 |       |       ||     1
       Fruit             |       |       |       |     5 |     2 ||     7
       Royal jelly       |       |       |       |     1 |       ||     1
       Bread ration      |       |       |       |     2 |     1 ||     3
Armor: Leather armour    |     2 |       |       |       |       ||     2
       Plate armour      |    36 |   154 |   306 |       |       ||   496
       Chain mail        |       |       |    39 |   389 |   139 ||   567
       Skin              |       |       |       |     5 |       ||     5
Dodge: Dodged            |    11 |    69 |   150 |   270 |   151 ||   651
Block: Buckler           |       |       |    49 |   127 |       ||   176
       Shield            |       |       |       |    41 |   240 ||   281
